 Dungeon Crawl Stone Soup version 0.24.0-13-gcf9b3192b9 (webtiles) character file.

Game seed: 2197521890481005846, levelgen mode: deterministic

579 syranez the Covered (level 7, -12/44 HPs)
             Began as a Gargoyle Fighter on Nov 9, 2019.
             Mangled by an ogre
             ... wielding a +0 giant club
              (19 damage)
             ... on level 4 of the Dungeon.
             The game lasted 00:06:22 (4425 turns).

syranez the Covered (Gargoyle Fighter)              Turns: 4425, Time: 00:06:22

Health: -12/44     AC: 14    Str: 20    XL:     7   Next: 36%
Magic:  7/7        EV:  7    Int: 10    God:
Gold:   173        SH:  9    Dex:  9    Spells: 6/6 levels left

rFire    + . .     SeeInvis +   a - +0 war axe
rCold    . . .     Gourm    .   c - +0 shield
rNeg     + . .     Faith    .   b - +0 scale mail
rPois    ∞         Spirit   .   (no helmet)
rElec    +         Reflect  .   k - +0 cloak
rCorr    .         Harm     .   o - +0 pair of gloves
MR       .....                  (no boots)
Stlth    ..........             (no amulet)
HPRegen  0.14/turn              l - ring of protection from fire
MPRegen  0.10/turn              t - ring of see invisible

@: no status effects
A: negative energy resistance 1, electricity resistance, unbreathing,
petrification resistance, rot immunity, AC +4
a: no special abilities


You were on level 4 of the Dungeon.
You were not hungry.

You visited 1 branch of the dungeon, and saw 5 of its levels.

You collected 173 gold pieces.

Inventory:

Hand Weapons
 a - a +0 war axe (weapon)
 s - a +0 antimagic hand axe
 u - a cursed -2 trident
Missiles
 e - 151 stones (quivered)
 p - a throwing net
Armour
 b - a +0 scale mail (worn)
 c - a +0 shield (worn)
 k - a +0 cloak (worn)
 o - a +0 pair of gloves (worn)
 q - a +0 ring mail of fire resistance
Jewellery
 l - a ring of protection from fire (left hand)
 t - a ring of see invisible (right hand)
Scrolls
 g - a scroll of teleportation
 j - 4 scrolls of remove curse
 m - a scroll of blinking {unknown}
 n - a scroll of enchant armour
Potions
 d - a potion of might
 h - 2 potions of brilliance {unknown}
 r - a potion of cancellation
 v - a potion of invisibility
Comestibles
 f - 6 rations


   Skills:
 + Level 4.9 Fighting
 * Level 4.7 Axes
 + Level 5.0 Armour
 + Level 4.9 Shields


You had 6 spell levels left.
You didn't know any spells.
Your spell library was empty.

Dungeon Overview and Level Annotations

Branches:
Dungeon (5/15)
 Temple: D:4-7

Altars:
Elyvilon
Fedhas
Kikubaaqudgha
Wu Jian
Zin
The Shining One


Innate Abilities, Weirdness & Mutations

You are resistant to torment.
Your stone body is resilient. (AC +4)
You are immune to poison.
You resist negative energy. (rN+)
You are resistant to electric shocks. (rElec)
You can survive without breathing.
You are immune to petrification.
You are immune to rotting.


Message History

Beogh smites you! The ogre hits you with a +0 giant club.
The orc hits you but does no damage.
You slash the orc priest!
You kill the orc priest!
Your Armour skill increases to level 5!
You hit the ogre. You closely miss the orc.
The ogre hits you with a +0 giant club!
* * * LOW HITPOINT WARNING * * *
The orc hits you but does no damage.
You feel better. The ogre barely misses you. You block the orc's attack.
You barely miss the ogre.
The ogre is almost dead.
You hit the orc.
You kill the orc!
The ogre closely misses you.
Unknown command.
You hit the ogre.
The ogre is almost dead.
The ogre hits you with a +0 giant club!!
You die...

.. ##.#
#... #..#
# #..##.#
#....
#)†# #@)#
#.O.....#
######.##


You could see an ogre.

Vanquished Creatures
  2 scorpions (D:4)
  Crazy Yiuf (D:3)
  5 orc priests
  5 orc wizards
  Ijyb (D:3)
  Terence (D:3)
  A worker ant (D:4)
  An adder (D:2)
  A worm (D:3)
  3 dart slugs
  2 leopard geckos
  13 orcs
  4 giant cockroaches
  4 goblins
  4 hobgoblins
  6 kobolds
  2 quokkas
  7 bats
  6 frilled lizards
  5 rats
  A fungus (D:3)
75 creatures vanquished.

Notes
Turn   | Place    | Note
-------+----------+-------------------------------------------
     0 | D:1      | syranez the Gargoyle Fighter began the quest for the Orb.
     0 | D:1      | Reached XP level 1. HP: 14/14 MP: 1/1
    95 | D:1      | Reached skill level 2 in Axes
   119 | D:1      | Reached XP level 2. HP: 19/19 MP: 2/2
  1042 | D:2      | Found a blossoming altar of Fedhas.
  1043 | D:2      | Found an ancient bone altar of Kikubaaqudgha.
  1053 | D:2      | Reached XP level 3. HP: 23/23 MP: 3/3
  1164 | D:2      | Found an ornate altar of the Wu Jian Council.
  1974 | D:3      | Reached XP level 4. HP: 29/29 MP: 4/4
  1984 | D:3      | Reached skill level 3 in Axes
  2181 | D:3      | Reached skill level 4 in Armour
  2216 | D:3      | Reached skill level 4 in Fighting
  2216 | D:3      | Reached skill level 4 in Shields
  2216 | D:3      | Reached XP level 5. HP: 33/33 MP: 5/5
  2261 | D:3      | Noticed Ijyb
  2293 | D:3      | Killed Ijyb
  2609 | D:3      | Noticed Terence
  2622 | D:3      | Killed Terence
  2622 | D:3      | Reached XP level 6. HP: 38/38 MP: 6/6
  3020 | D:3      | Found a runed translucent door.
  3021 | D:3      | Noticed Crazy Yiuf
  3030 | D:3      | Killed Crazy Yiuf
  3356 | D:4      | Reached skill level 4 in Axes
  3732 | D:4      | Reached XP level 7. HP: 11/44 MP: 7/7
  4262 | D:4      | Found a glowing silver altar of Zin.
  4262 | D:4      | Found a white marble altar of Elyvilon.
  4262 | D:4      | Found a glowing golden altar of the Shining One.
  4361 | D:5      | Entered Level 5 of the Dungeon
  4422 | D:4      | Reached skill level 5 in Armour
  4422 | D:4      | HP: 1/44 [ogre/+0 giant club (15)]
  4425 | D:4      | Mangled by an ogre

Levels and vault maps discovered:
D:1:      mrwooster_arrival_statue, layout_basic
D:2:      layout_basic, grunt_temple_overflow_growth_and_decay,
          lemuel_crystal_altar
D:3:      layout_basic, first_ration, uniq_crazy_yiuf_cottage, uniq_ijyb,
          uniq_terence
D:4:      minmay_inner_zag, layout_loops_cross, good_gods_mini_temple,
          nicolae_overflow_crystal_walls, serial_shops,
          nicolae_shop_competitors_out_of_business, small_statue_intersection
D:5:      kennysheep_spiral_hall, layout_basic, serial_shops,
          nicolae_shop_window_shopping, shop, kennysheep_mini, basic_altar,
          uniq_menkaure, uniq_grinder

Skill      XL: |  1  2  3  4  5  6  7 |
---------------+----------------------+-----
Axes           | 2 3 4 |  4.7
Armour         | 4 5 |  5.0
Fighting       | 4 |  4.9
Shields        | 4 |  4.9

Action                   |  1- 3 |  4- 6 |  7- 9 || total
-------------------------+-------+-------+-------++-------
Melee: War axe           |   105 |   172 |    29 ||   306
Throw: Stone             |       |     5 |       ||     5
  Use: Scroll            |     1 |     7 |       ||     8
       Potion            |       |     2 |     1 ||     3
 Stab: Invisible         |       |     2 |       ||     2
  Eat: Chunk             |     3 |     6 |       ||     9
       Ration            |       |       |     1 ||     1
Armor: Scale mail        |    76 |    97 |    19 ||   192
Dodge: Dodged            |    23 |    55 |    13 ||    91
Block: Shield            |    68 |    69 |    19 ||   156
